 Dungeon Crawl Stone Soup version 0.20-a0-957-g47ad1fd (webtiles) character file.

28 M4edhros the Sneak (level 3, 0/23 HPs)
             Began as an Octopode Artificer on Apr 5, 2017.
             Slain by an orc priest
             ... wielding a +0 short sword
              (6 damage)
             ... on level 3 of the Dungeon.
             The game lasted 00:00:54 (771 turns).

M4edhros the Sneak (Octopode Artificer)              Turns: 771, Time: 00:00:54

Health: 0/23       AC:  1    Str: 11    XL:     3   Next: 14%
Magic:  5/5        EV: 13    Int: 13    God:
Gold:   41         SH:  0    Dex: 13    Spells: 2/2 levels left

rFire    . . .     SeeInvis .   a - +0 short sword
rCold    . . .     Gourm    .   (no shield)
rNeg     . . .     Faith    .   (helmet restricted)
rPois    .         Spirit   .   (no amulet)
rElec    .         Reflect  .   (no ring)
rCorr    .         Harm     .   (no ring)
MR       .....                  (no ring)
Stlth    ++++......             (no ring)
Regen    0.1/turn               (no ring)
MPRegen  0.1/turn               (no ring)
                                (no ring)
                                (no ring)

@: no status effects
A: almost no armour, stealthy swim, amphibious, 8 rings, constrict 8, camouflage
1, gelatinous body 1
a: no special abilities


You were on level 3 of the Dungeon.
You were not hungry.

You visited 1 branch of the dungeon, and saw 3 of its levels.

You collected 41 gold pieces.

Inventory:

Hand Weapons
 a - a +0 short sword (weapon)
 l - a +0 hunting sling
Missiles
 g - 35 sling bullets
Armour
 j - a +0 buckler
Wands
 b - a wand of flame (15/48)
 c - a wand of enslavement (14/24)
 d - a wand of random effects (15/48)
Scrolls
 h - 3 scrolls of remove curse {unknown}
 m - a scroll of fear {unknown}
Potions
 e - a potion of brilliance {unknown}
 i - a potion of invisibility {unknown}
 n - 2 potions of haste {unknown}
Comestibles
 f - a bread ration
 k - a royal jelly


   Skills:
 - Level 1.0 Fighting
 - Level 1.0 Short Blades
 - Level 2.0 Dodging
 + Level 4.3 Stealth
 - Level 3.2 Evocations


You had 2 spell levels left.
You didn't know any spells.

Dungeon Overview and Level Annotations

Branches:
Dungeon (3/15)

Altars:


Innate Abilities, Weirdness & Mutations

You cannot wear most types of armour.
You are very stealthy in the water. (Stealth+)
You are amphibious.
You can wear up to eight rings at the same time.
You can use your tentacles to constrict eight enemies at once.
Your skin changes colour to match your surroundings (Stealth+).
Your rubbery body absorbs attacks. (AC +1, EV +1)


Message History

An orc priest comes into view. It is wielding a short sword.
You hit the orc. Your grab misses the orc.
The orc is lightly wounded.
The orc priest moves out of view.
The orc completely misses you.
You hit the orc. Your grab misses the orc.
The orc is heavily wounded.
The orc hits you with a flail!
* * * LOW HITPOINT WARNING * * *
You hit the orc.
You kill the orc!
The orc priest hits you but does no damage.
You are too injured to fight recklessly!
Evoke which item? (* to show all) (? for menu, Esc to quit)
Aiming: Enslavement
Press: ? - help, Shift-Dir - straight line, f - orc priest
Aim: an orc priest, wielding a short sword (chance to defeat MR: 55%)
The orc priest resists with significant effort.
This wand has 14 charges left.
The kobold hits you but does no damage.
The orc priest hits you with a short sword.
You die...

###K##+## .
....#...##
.####K....##
...........## #
.##......<..# ##.
+...K.....+ ##...
#....!....#
......######.>.....##
#.Ko@K(...(....##
###########...##
##+##


You could see an orc priest and 2 kobolds.

Vanquished Creatures
  3 dart slugs
  2 orcs (D:3)
  2 goblins (D:1)
  2 hobgoblins (D:1)
  A quokka (D:2)
  2 bats
  5 kobolds
  5 rats
22 creatures vanquished.

Notes
Turn   | Place    | Note
-------+----------+-------------------------------------------
     0 | D:1      | M4edhros the Octopode Artificer began the quest for the Orb.
     0 | D:1      | Reached XP level 1. HP: 13/13 MP: 3/3
    14 | D:1      | Reached skill level 2 in Stealth
    57 | D:1      | Reached XP level 2. HP: 15/18 MP: 4/4
    68 | D:1      | Reached skill level 3 in Stealth
   595 | D:2      | Reached skill level 4 in Stealth
   762 | D:3      | Reached XP level 3. HP: 21/23 MP: 5/5
   771 | D:3      | Slain by an orc priest

Vault maps used:
D:1:      shiori_arrival_oz
D:3:      yredelemnul_altar_generic, uniq_natasha

Skill      XL: |  1  2 |
---------------+-------+-----
Stealth        | 2 4 |  4.3
Fighting       | |  1.0
Short Blades   | |  1.0
Dodging        | |  2.0
Evocations     | |  3.2

Action                   || total
-------------------------++-------
Melee: Short sword       ||    44
       Constrict         ||    14
       Tentacles         ||     5
Evoke: Wand              ||     1
 Stab: Sleeping          ||     3
Armor: Skin              ||     3
Dodge: Dodged            ||    34
